 Dungeon Crawl Stone Soup version 0.26.1-2-gb8aa6d0cf2 (webtiles) character file.

Game seed: 8805097127833699655

205 nightchill the Conjurer (level 5, -5/42 HPs)
             Began as a Draconian Conjurer on Mar 16, 2021.
             Killed by nerve-wracking pain
             ... invoked by Grinder
              (12 damage)
             ... on level 4 of the Dungeon.
             The game lasted 00:07:16 (4042 turns).

nightchill the Conjurer (Draconian Conjurer)        Turns: 4042, Time: 00:07:16

Health: -5/42      AC:  5    Str:  9    XL:     5   Next: 53%
Magic:  1/9        EV: 12    Int: 20    God:
Gold:   101        SH:  0    Dex:  9    Spells: 7/10 levels left

rFire    . . .     SeeInvis .   a - +1 rapier (elec)
rCold    . . .     Faith    .   (no shield)
rNeg     . . .     Spirit   .   (armour unavailable)
rPois    .         Reflect  .   (helmet restricted)
rElec    .         Harm     .   (no cloak)
rCorr    .         Rampage  .   (no gloves)
Will     .....                  (no boots)
Stlth    ++........             (no amulet)
HPRegen  0.14/turn              (no ring)
MPRegen  0.11/turn              (no ring)

@: very slightly contaminated, invisible
A: unfitting armour, cold-blooded, AC +5
a: no special abilities


You were on level 4 of the Dungeon.
You visited 1 branch of the dungeon, and saw 4 of its levels.

You collected 101 gold pieces.

Inventory:

Hand Weapons
 a - a +1 rapier of electrocution (weapon)
 b - a +0 hunting sling
 c - a +0 dagger
 o - a +0 whip
Missiles
 i - 8 atropa-tipped darts
 m - 6 poisoned darts
 p - 152 stones
Jewellery
 l - a +4 ring of evasion {unknown}
Scrolls
 e - a scroll of magic mapping {unknown}
 f - 2 scrolls of remove curse {unknown}
 g - 5 scrolls of identify {unknown}
 k - a scroll of fear {unknown}
 n - 2 scrolls of teleportation {unknown}
Potions
 h - a potion of lignification {unknown}
 j - a potion of haste {unknown}


   Skills:
 + Level 2.4 Fighting
 + Level 1.6 Short Blades
 - Level 1.7 Dodging
 - Level 1.7 Stealth
 + Level 3.0 Spellcasting
 * Level 5.4 Conjurations


You had 7 spell levels left.
You knew the following spells:

 Your Spells              Type           Power        Failure   Level
a - Magic Dart            Conj           96%          1%          1
b - Searing Ray           Conj           48%          2%          2

Your spell library contained the following spells:

 Spells                   Type           Power        Failure   Level
 Dazzling Flash           Conj/Hex       26%          14%         3
 Fulminant Prism          Conj/Hex       6%           43%         4
 Iskenderun's Mystic Bla  Conj/Tloc      13%          43%         4


Dungeon Overview and Level Annotations

Branches:
Dungeon (4/15)
 Temple: D:4-7

Altars:
Qazlal

Annotations:
D:1 exclusion: downstairs
D:4 Grinder


Innate Abilities, Weirdness & Mutations

Your plain brown scales are hard. (AC +5)
You cannot fit into any form of body armour.
You are cold-blooded and may be slowed by cold attacks.


Message History

You closely miss Grinder.
Grinder is severely wounded.
Grinder gestures at you.
You suddenly lose the ability to move!
Grinder hits you.
* * * LOW HITPOINT WARNING * * *
Grinder hits you.
* * * LOW HITPOINT WARNING * * *
You writhe in agony.
* * * LOW HITPOINT WARNING * * *
Grinder barely misses you. x2
You can move again.
It was a potion of invisibility.
You fade into invisibility!
Grinder gestures at you. Pain shoots through your body!
* * * LOW HITPOINT WARNING * * *
You are very lightly contaminated with residual magic.
Grinder gestures at you. Pain shoots through your body!
You die...

.#......###
.........#
#........#
##........#
#.........#
........#
#.....#
#.###..@..###..
........5......
#..####<..#####
# #........
##.##.... ..
.... .## ... ..
## ..


You could see Grinder.

Vanquished Creatures
  A bullfrog (D:1)
  4 gnolls (D:3)
  3 adders
  A shadow imp (D:3)
  An ooze (D:2)
  A worm (D:3)
  A dart slug (D:1)
  A leopard gecko (D:2)
  An orc (D:3)
  3 giant cockroaches
  10 goblins
  6 hobgoblins
  2 quokkas
  4 ball pythons
  8 bats
  2 frilled lizards
  6 kobolds
  7 rats
62 creatures vanquished.

Notes
Turn   | Place    | Note
-------+----------+-------------------------------------------
     0 | D:1      | nightchill the Draconian Conjurer began the quest for the
                  | Orb.
     0 | D:1      | Reached XP level 1. HP: 14/14 MP: 3/3
   243 | D:1      | Reached XP level 2. HP: 22/22 MP: 3/5
   721 | D:1      | Reached skill level 1 in Fighting
  1282 | D:1      | Reached XP level 3. HP: 20/28 MP: 0/6
  1391 | D:1      | Learned a level 2 spell: Searing Ray
  1535 | D:2      | Noticed a bullfrog
  1548 | D:1      | Killed a bullfrog
  1549 | D:1      | Reached skill level 1 in Short Blades
  1549 | D:1      | Reached skill level 5 in Conjurations
  1549 | D:1      | Reached XP level 4. HP: 14/36 MP: 1/8
  1921 | D:2      | Noticed a water elemental
  1923 | D:2      | Found a stormy altar of Qazlal.
  1971 | D:2      | Noticed an earth elemental
  1976 | D:2      | Noticed a fire elemental
  1976 | D:2      | Noticed an air elemental
  3266 | D:3      | Reached XP level 5. HP: 41/41 MP: 6/9
  4024 | D:4      | Noticed Grinder
  4037 | D:4      | Paralysed by Grinder for 4 turns
  4042 | D:4      | Killed from afar by Grinder

Illustrated notes

Levels and vault maps discovered:
D:1:      psy_arrival_whirlpool, layout_basic, st_stairs_7,
          lemuel_another_geyser
D:2:      layout_loops_ring, serial_rivers, chequers_serial_rivers_large_b,
          chequers_serial_rivers_room_b, chequers_serial_rivers_large_a,
          chequers_serial_rivers_micro_d, chequers_serial_rivers_small_a,
          chequers_serial_rivers_room_b, nicolae_qazlal_style_of_elements
D:3:      layout_loops_ring
D:4:      layout_basic, lemuel_round_altar, uniq_grinder

Skill      XL: |  1  2  3  4  5 |
---------------+----------------+-----
Fighting       | 1 2 |  2.4
Short Blades   | 1 |  1.6
Conjurations   | 5 |  5.4
Spellcasting   | 3 |  3.0
Dodging        | |  1.7
Stealth        | |  1.7

Action                   |  1- 3 |  4- 6 || total
-------------------------+-------+-------++-------
Melee: Rapier            |     2 |     3 ||     5
 Fire: Hunting sling     |       |     3 ||     3
 Cast: Magic Dart        |    55 |    49 ||   104
       Searing Ray       |       |    12 ||    12
  Use: Potion            |       |     1 ||     1
 Stab: Sleeping          |       |     1 ||     1
Armor: Skin              |     5 |     8 ||    13
Dodge: Dodged            |     5 |    12 ||    17
